 Dungeon Crawl Stone Soup version 0.22-a0-803-gd6d8abeff0 (webtiles) character file.

13 Holzbalken the Chopper (level 2, 0/22 HPs)
             Began as a Demonspawn Gladiator on July 22, 2018.
             Killed from afar by Sigmund (6 damage)
             ... with a puff of flame
             ... on level 2 of the Dungeon.
             The game lasted 00:02:46 (734 turns).

Holzbalken the Chopper (Demonspawn Gladiator)        Turns: 734, Time: 00:02:47

Health: 0/22       AC:  8    Str: 14    XL:     2   Next: 24%
Magic:  2/2        EV:  8    Int:  9    God:
Gold:   78         SH:  0    Dex: 14    Spells: 1/1 levels left

rFire    . . .     SeeInvis .   a - +0 war axe
rCold    . . .     Gourm    .   (no shield)
rNeg     . . .     Faith    .   l - +0 ring mail
rPois    +         Spirit   .   c - +0 helmet
rElec    .         Reflect  .   (no cloak)
rCorr    .         Harm     .   (no gloves)
MR       .....                  (no boots)
Stlth    +.........             (no amulet)
HPRegen  0.07/turn              i - -3 ring of evasion (curse)
MPRegen  0.08/turn              j - ring of poison resistance

@: no status effects
A: molten scales 1
a: no special abilities


You were on level 2 of the Dungeon.
You were not hungry.

You visited 1 branch of the dungeon, and saw 2 of its levels.

You collected 78 gold pieces.

Inventory:

Hand Weapons
 a - a +0 war axe (weapon)
Missiles
 d - 3 throwing nets (quivered)
Armour
 b - a +0 leather armour
 c - a +0 helmet (worn)
 l - a +0 ring mail (worn)
Jewellery
 i - a cursed -3 ring of evasion (left hand)
 j - a ring of poison resistance (right hand)
Scrolls
 e - 3 scrolls of identify {unknown}
 k - a scroll of random uselessness {unknown}
 n - a scroll of teleportation {unknown}
Potions
 g - a potion of invisibility {unknown}
 m - a potion of cancellation {unknown}
 o - a potion of haste {unknown}
Comestibles
 f - a ration
 h - 4 chunks of flesh


   Skills:
 - Level 2.0 Fighting
 + Level 3.4 Axes
 - Level 1.7 Throwing
 - Level 2.6 Dodging


You had one spell level left.
You didn't know any spells.
Your spell library was empty.

Dungeon Overview and Level Annotations

Branches:
Dungeon (2/15)

Altars:

Annotations:
D:2 Sigmund


Innate Abilities, Weirdness & Mutations

You are partially covered in molten scales. (AC +2)


Message History

Sigmund flickers and vanishes!
Deactivating autopickup; reactivate with Ctrl-A.
Something hits you but does no damage.
You barely miss something. Something hits you!
You bump into the rock wall.
You barely miss something.
You hear some strange, mumbled words.
Something tries to affect you, but you resist.
You bump into the rock wall.
Something hits you.
You miss something.
You feel less confused. Something hits you but does no damage.
You slash something! Something hits you.
You closely miss something. Something hits you.
* * * LOW HITPOINT WARNING * * *
You barely miss something.
You hear some strange, mumbled words.
A puff of flame appears from out of thin air!
The puff of flame hits you!
You die...

#..# #.........
#..####........#
+....##.........
#....##.........
#....'..........
#....#....$.....
#....#..........
##...#{#......#.
#.#.#@#.######
#.#.#.#.#
#.#.#.#$#
#.#.#.#.#
#.#.#.# #.#.#.#
#.#.#'##
#.#....# #.
#.#....#


There were no monsters in sight!

Vanquished Creatures
  A dart slug (D:2)
  A giant cockroach (D:1)
  4 hobgoblins (D:1)
  3 bats (D:1)
  A rat (D:2)
10 creatures vanquished.

Notes
Turn   | Place    | Note
-------+----------+-------------------------------------------
     0 | D:1      | Holzbalken the Demonspawn Gladiator began the quest for the Orb.
     0 | D:1      | Reached XP level 1. HP: 16/16 MP: 1/1
   248 | D:1      | Reached skill level 3 in Axes
   468 | D:1      | Gained mutation: You are partially covered in molten scales. (AC +2) [demonic ancestry]
   468 | D:1      | Reached XP level 2. HP: 20/22 MP: 2/2
   715 | D:2      | Noticed Sigmund
   734 | D:2      | Killed from afar by Sigmund

Vault maps used:
D:1:      lightli_arrival_maybe_door_vault
D:2:      first_ration, uniq_sigmund

Skill      XL: |  1 |
---------------+----+-----
Axes           | 3 |  3.4
Fighting       | |  2.0
Throwing       | |  1.7
Dodging        | |  2.6

Action                   || total
-------------------------++-------
Melee: War axe           ||    35
Armor: Leather armour    ||     9
       Ring mail         ||    14
Dodge: Dodged            ||    16

Table legend:
 A = Spawn XP
 B = Non-spawn XP
 C = Spawn XP percentage of total XP
 D = Spawn monster count
 E = Non-spawn monster count
 F = Spawn count percentage of total count
 G = Total turns spent on level
                    A         B        C        D         E        F      G
               +---------+---------+-------+---------+---------+-------+---------
         Total |       0 |      19 |   0.0 |       0 |      10 |   0.0 |   734
               +---------+---------+-------+---------+---------+-------+---------
           D:1 |       0 |      14 |   0.0 |       0 |       8 |   0.0 |   661
           D:2 |       0 |       5 |   0.0 |       0 |       2 |   0.0 |    73
               +---------+---------+-------+---------+---------+-------+---------
